 Dungeon Crawl Stone Soup version 0.24-a0-29-g43a6aff (console) character file.

Game seed: 1849421747561589948

19 Duffy the Skirmisher (level 2, 0/28 HPs)
             Began as a Naga Fighter on Feb 2, 2019.
             Slain by an iguana (2 damage)
             ... on level 4 of the Dungeon.
             The game lasted 00:00:44 (568 turns).

Duffy the Skirmisher (Naga Fighter)                  Turns: 568, Time: 00:00:45

Health: 0/28       AC:  4    Str: 18    XL:     2   Next: 75%
Magic:  2/2        EV:  5    Int:  8    God:
Gold:   23         SH:  8    Dex: 10    Spells: 1/1 levels left

rFire    . . .     SeeInvis +   a - +0 war axe
rCold    . . .     Gourm    .   c - +0 shield
rNeg     . . .     Faith    .   b - +0 scale mail
rPois    +         Spirit   .   (no helmet)
rElec    .         Reflect  .   (no cloak)
rCorr    .         Harm     .   (no gloves)
MR       .....                  (no barding)
Stlth    ..........             (no amulet)
HPRegen  0.09/turn              (no ring)
MPRegen  0.08/turn              (no ring)

@: short of breath, very slow
A: large, see invisible, deformed body, poison resistance, slowness 2, slow
metabolism 1, spit poison 1, AC +0
a: Spit Poison


You were on level 4 of the Dungeon.
You were not hungry.

You visited 1 branch of the dungeon, and saw 4 of its levels.

You collected 23 gold pieces.

Inventory:

Hand Weapons
 a - a +0 war axe (weapon)
Armour
 b - a +0 scale mail (worn)
 c - a +0 shield (worn)
Scrolls
 e - a scroll of fear {unknown}
 h - 2 scrolls of identify {unknown}
Potions
 d - a potion of might
Comestibles
 f - a ration


   Skills:
 - Level 3.0 Fighting
 + Level 2.6 Axes
 - Level 2.4 Armour
 + Level 2.8 Shields


You had one spell level left.
You didn't know any spells.
Your spell library was empty.

Dungeon Overview and Level Annotations

Branches:
Dungeon (4/15)
 Temple: D:4-7

Altars:


Innate Abilities, Weirdness & Mutations

You cannot wear boots.
Your serpentine skin is tough. (AC +0)
You have supernaturally acute eyesight. (SInv)
Armour fits poorly on your strangely shaped body.
Your system is resistant to poisons. (rPois)
You cover ground very slowly.
You have a slow metabolism.
You can spit poison.


Message History

You completely miss the iguana.
The iguana is heavily wounded.
You have got your breath back.
You block the iguana's attack.
Press: ? - help, Shift-Dir - straight line, f/p - iguana
Aim: an iguana (heavily wounded)
The splash of poison hits the iguana but does no damage.
The iguana is poisoned.
The iguana is heavily wounded.
You feel slightly more hungry. The iguana bites you.
You hit the iguana but do no damage.
The iguana is heavily wounded.
You block the iguana's attack. The iguana barely misses you.
You closely miss the iguana.
The iguana is heavily wounded.
The iguana barely misses you.
You barely miss the iguana.
The iguana is heavily wounded.
The iguana bites you.
You die...

###################
#.<.)......(<..)...
#.########.#.######
#.# #.#.# #.# #.#.#
#.# ..#.# #)# ###.#
#l# #.# #@# #.# #.#
#.# #.. ###


You could see an iguana.

Vanquished Creatures
  An adder skeleton (D:4)
  A leopard gecko (D:3)
  3 orcs (D:4)
  2 goblins (D:1)
  A hobgoblin (D:3)
  3 bats (D:1)
  A frilled lizard (D:1)
  A rat (D:1)
13 creatures vanquished.

Notes
Turn   | Place    | Note
-------+----------+-------------------------------------------
     0 | D:1      | Duffy the Naga Fighter began the quest for the Orb.
     0 | D:1      | Reached XP level 1. HP: 21/21 MP: 1/1
   367 | D:3      | Reached XP level 2. HP: 24/28 MP: 2/2
   568 | D:4      | Slain by an iguana

Vault maps used:
D:1:      dpeg_arrival_lava_temple_mockup
D:2:      first_ration, minmay_pentomino_pile, uniq_terence, uniq_robin
D:3:      hellmonk_ghost_happy_afterlife, uniq_ijyb
D:4:      serial_shops, nicolae_shop_crystal, minmay_misc_feat_columns,
          uniq_natasha

Action                   || total
-------------------------++-------
Melee: War axe           ||    56
 Abil: Spit Poison       ||     7
Armor: Scale mail        ||    41
Dodge: Dodged            ||    20
Block: Shield            ||    54

Table legend:
 A = Non-vault XP
 B = Vault XP
 C = Vault XP percentage of total XP
 D = Non-vault monster count
 E = Vault monster count
 F = Vault count percentage of total count
                 A         B        C        D         E       F
            +---------+---------+-------+---------+---------+-------
      Total |      28 |       0 |   0.0 |      13 |       0 |   0.0
            +---------+---------+-------+---------+---------+-------
        D:1 |       9 |       0 |   0.0 |       7 |       0 |   0.0
        D:3 |       5 |       0 |   0.0 |       2 |       0 |   0.0
        D:4 |      14 |       0 |   0.0 |       4 |       0 |   0.0
            +---------+---------+-------+---------+---------+-------
